 Dungeon Sprint DCSS version 0.29.1-12-g30fa7ad0bf (webtiles) character file.

Game seed: 8235482084710023827

10888 Groucho the Unseen (level 11, -3/58 HPs)
             Began as a Spriggan Enchanter on Dec 24, 2022.
             Was the Champion of Dithmenos.
             Killed from afar by an electric golem (40 damage)
             ... with a bolt of lightning
             ... in the Dungeon (Sprint II: "The Violet Keep of Menkaure").
             The game lasted 00:17:00 (2910 turns).

Groucho the Unseen (Spriggan Enchanter)             Turns: 2910, Time: 00:17:00

Health: -3/58      AC:  4    Str:  8    XL:     11   Next: 42%
Magic:  16/29      EV: 30    Int: 17    God:    Dithmenos [******]
Gold:   650        SH:  0    Dex: 22    Spells: 21/37 levels left

rFire   . . .      SeeInvis +   a - +1 dagger
rCold   . . .      Faith    .   (no shield)
rNeg    . . .      Spirit   .   f - +2 robe {Archmagi}
rPois   .          Reflect  .   (helmet restricted)
rElec   .          Harm     .   (no cloak)
rCorr   .          Rampage  .   (gloves unavailable)
Will    +....      Archmagi +   (boots unavailable) Stlth **++++++++ NoTele +
                                (no amulet)
HPRegen 0.19/turn               h - ring of flight
MPRegen 0.21/turn               j - +6 ring of dexterity

@: flying, wreathed by umbra, very quick
A: very small, no large weapons, unfitting armour, see invisible, speed 3
a: Renounce Religion, Shadow Step, Shadow Form


You were in the Dungeon.
You worshipped Dithmenos.
Dithmenos was exalted by your worship.
You visited 1 branch You collected 1808 gold pieces.
You spent 1158 gold pieces at shops.

Inventory:

Hand Weapons
 a - a +1 dagger (weapon)
Armour
 b - a +0 robe
 f - a +2 robe of the Archmagi (worn)
Jewellery
 h - a ring of flight (left hand)
 j - a +6 ring of dexterity (right hand)
Scrolls
 c - a scroll of amnesia {unknown}
 l - 2 scrolls of identify {unknown}
Potions
 d - a potion of curing
 e - 3 potions of haste
 i - 3 potions of flight {unknown}
 k - 3 potions of mutation {unknown}


   Skills:
 - Level 7.0 Fighting
 - Level 10.0 Short Blades
 + Level 13.9 Dodging
 - Level 16.0 Stealth
 + Level 13.6 Spellcasting
 * Level 8.9 Conjurations
 + Level 13.6 Hexes
 * Level 9.6 Earth Magic


You had 21 spell levels left.
You knew the following spells:

 Your Spells              Type           Power      Damage    Failure   Level
a - Ensorcelled Hibernat  Hex/Ice        100%       N/A       1%          2
b - Confusing Touch       Hex            72%        N/A       1%          3
c - Dazzling Flash        Conj/Hex       100%       N/A       1%          3
d - Tukima's Dance        Hex            72%        N/A       1%          3
e - Lee's Rapid Deconstr  Erth           30%        3d17*     3%          5

Your spell library contained the following spells:

 Spells                   Type           Power      Damage    Failure   Level
 Slow                     Hex            100%       N/A       1%          1
 Leda's Liquefaction      Hex/Erth       33%        N/A       1%          4
 Vampiric Draining        Necr           17%        2d7       19%         3
 Statue Form              Tmut/Erth      27%        N/A       77%         6


Dungeon Overview and Level Annotations

Branches:
Dungeon (1/1)

Altars:
Cheibriados
Dithmenos
Elyvilon
Fedhas
Gozag
Hepliaklqana
Kikubaaqudgha
Makhleb
Nemelex Xobeh
Okawaru
Qazlal
Ru
Sif Muna
Trog
Uskayaw
Vehumet
Wu Jian
Xom
Yredelemnul
Zin
The Shining One
Jiyva
Lugonu

Shops:
D ![:*=:(?=![[:*?

Annotations:
D exclusions: oklob plant and orange crystal statue, Roxanne


Innate Abilities, Weirdness & Mutations

You are very small and have problems with some larger weapons.
You are too small for most types of armour.
You have supernaturally acute eyesight. (SInv)
You cover ground extremely quickly. (Speed+++)


Message History

The electric golem completely misses you.
The electric golem barely misses you. The electric golem closely misses you.
The electric golem completely misses you.
You hit the electric golem but do no damage.
The electric golem is completely immune to your confusing touch!
The electric golem is heavily damaged.
Your shadow completely misses the electric golem.
Your hands stop glowing.
The electric golem blinks!
The electric golem fails to trigger a net trap.
Casting: Confusing Touch (safe; 1% risk of failure)
Confirm with . or Enter, or press ? or * to list all spells.
You feel a surge of power!
Your hands begin to glow red.
The electric golem hurls lightning at you.
The bolt of lightning misses you. x2
The electric golem barely misses you.
The electric golem hits you but does no damage.
The electric golem completely misses you. x2
You miss the electric golem.
The electric golem is heavily damaged.
You hit the electric golem but do no damage.
The electric golem is completely immune to your confusing touch!
The electric golem is heavily damaged.
Your hands stop glowing.
The electric golem hits you! The electric golem shocks you!
The electric golem completely misses you. x2
The electric golem misses you.
The electric golem blinks!
The electric golem completely misses you.
The electric golem barely misses you. The electric golem closely misses you.
The electric golem misses you.
The electric golem blinks!
The electric golem fails to trigger a net trap.
Really fly into a travel-excluded area? [Y]es or [N]o only, please.
Really fly into a travel-excluded area?
The electric golem hurls lightning at you.
The bolt of lightning hits you!!!
Ouch! That really hurt!
You die...

.......#..'^.^.#..#
##+##..#..####.#..#
#...##.####..'9##.#
..#).#....#.)#...####
#...####..#####..##.# |?$
##'###.##..#..'..#..#▓$$$$$
##.###..#..#..#.^#†)#▓$[?()
'.<.'.##'..####..##.#▓)?(!?
##.###..#§§§.###@..##▓▓▓▓▓▓
##'###.##§.....~~~~~~~~~~~~
#.#.####~§§....~#'########+
..#..#~~~§§~~..~#....._._#~
#.#.##~~~§~~~~§~#...._._.#~
##'##~~~§≈≈~~~~~#..._._._#§
~~~~~~~~~§≈≈≈~§§#.._._._.#~
++#+++#~≈§§≈§≈≈~#._._._._#§
§§§≈§ ##≈≈≈###§§#_._._._.#§


You could see an electric golem.

Vanquished Creatures
  A deep elf master archer (D)
  An iron golem (D)
  A crystal guardian (D)
  2 boulder beetles (D)
  An iron elemental (D)
  A death yak (D)
  2 death drakes (D)
  A toenail golem (D)
  A merfolk siren (D)
  2 unseen horrors (D)
  2 cane toads (D)
  A yaktaur (D)
  3 polar bears (D)
  A hornet (D)
  3 yaks (D)
  7 wyverns (D)
  2 redbacks (D)
  2 water moccasins (D)
  2 swamp drakes (D)
  2 earth elementals (D)
  4 scorpions (D)
  A hell rat (D)
  2 spectral bats (D)
45 creatures vanquished.

Vanquished Creatures (others)
  Menkaure (D)
1 creature vanquished.

Grand Total: 46 creatures vanquished

Notes
Turn   | Place    | Note
-------+----------+-------------------------------------------
     0 | D        | Groucho the Spriggan Enchanter began the quest for the Orb.
     0 | D        | Reached XP level 1. HP: 9/9 MP: 5/5
     3 | D        | Noticed a wyvern
     3 | D        | Noticed a wyvern
     6 | D        | Noticed a merfolk siren
     9 | D        | Noticed a scorpion
     9 | D        | Noticed a scorpion
    12 | D        | Noticed a boulder beetle
    12 | D        | Noticed a boulder beetle
    17 | D        | Noticed a scorpion
    17 | D        | Noticed a scorpion
    23 | D        | Killed a scorpion
    24 | D        | Reached skill level 9 in Stealth
    24 | D        | Reached skill level 5 in Spellcasting
    24 | D        | Reached skill level 5 in Hexes
    24 | D        | Reached XP level 2. HP: 13/13 MP: 6/9
    24 | D        | Reached XP level 3. HP: 16/16 MP: 6/10
    25 | D        | Killed a scorpion
    26 | D        | Reached skill level 1 in Fighting
    26 | D        | Reached skill level 10 in Stealth
    26 | D        | Reached XP level 4. HP: 22/22 MP: 6/12
    28 | D        | Killed a scorpion
    29 | D        | Reached skill level 11 in Stealth
    29 | D        | Reached XP level 5. HP: 26/26 MP: 6/14
    31 | D        | Reached skill level 5 in Dodging
    31 | D        | Reached skill level 12 in Stealth
    37 | D        | Learned a level 2 spell: Ensorcelled Hibernation
    46 | D        | Killed a wyvern
    47 | D        | Reached skill level 13 in Stealth
    47 | D        | Reached XP level 6. HP: 13/32 MP: 9/17
    50 | D        | Killed a wyvern
    51 | D        | Reached skill level 5 in Short Blades
    51 | D        | Reached skill level 14 in Stealth
    51 | D        | Reached XP level 7. HP: 15/37 MP: 5/19
    56 | D        | Killed a merfolk siren
    57 | D        | Reached skill level 15 in Stealth
    65 | D        | Killed Menkaure
   326 | D        | Learned a level 3 spell: Confusing Touch
   330 | D        | Learned a level 3 spell: Dazzling Flash
   334 | D        | Learned a level 3 spell: Tukima's Dance
   342 | D        | Noticed an orange crystal statue
   345 | D        | Killed a boulder beetle
   346 | D        | Reached skill level 5 in Fighting
   346 | D        | Reached skill level 16 in Stealth
   346 | D        | Reached XP level 8. HP: 44/44 MP: 20/22
   355 | D        | Killed a boulder beetle
   356 | D        | Reached skill level 10 in Dodging
   356 | D        | Reached skill level 10 in Spellcasting
   356 | D        | Reached skill level 10 in Hexes
   356 | D        | Reached XP level 9. HP: 48/48 MP: 17/24
   397 | D        | Found Owuhot's General Store.
   397 | D        | Found Uwkiyfot's Armour Shop.
   397 | D        | Found Ziliac's Jewellery Boutique.
   397 | D        | Found Reighoteu's Distillery.
   397 | D        | Found Haab's Magic Scroll Shop.
   423 | D        | Found Gail Roe's Magic Scroll Shop.
   423 | D        | Found Bopitun's Antique Armour Shop.
   423 | D        | Found Zopoaw's Antique Weapon Shop.
   426 | D        | Found Lishuuw's Book Boutique.
   426 | D        | Found Onirghaul's Book Shop.
   426 | D        | Found Reneisij's Jewellery Boutique.
   426 | D        | Noticed a shining eye
   426 | D        | Noticed a shining eye
   439 | D        | Found Atoycamy's Assorted Antiques.
   439 | D        | Noticed a shining eye
   439 | D        | Noticed an oklob plant
   440 | D        | Found Nirefeqo's Antique Armour Shop.
   440 | D        | Found Cutt's Distillery.
   440 | D        | Found Jepue's Book Shoppe.
   443 | D        | Noticed a polar bear
   444 | D        | Bought a book of the Earth for 360 gold pieces
   444 | D        | Noticed a polar bear
   447 | D        | Noticed a hell hog
   474 | D        | Noticed a hell hog
   480 | D        | Bought a runed robe for 103 gold pieces
   539 | D        | Bought a ring of flight for 227 gold pieces
   575 | D        | Found a snail-covered altar of Cheibriados.
   576 | D        | Found a shadowy altar of Dithmenos.
   576 | D        | Found a viscous altar of Jiyva.
   577 | D        | Found a white marble altar of Elyvilon.
   577 | D        | Found an ancient bone altar of Kikubaaqudgha.
   578 | D        | Found a blossoming altar of Fedhas.
   578 | D        | Found a corrupted altar of Lugonu.
   578 | D        | Found a shimmering blue altar of Sif Muna.
   580 | D        | Found an opulent altar of Gozag.
   580 | D        | Found a burning altar of Makhleb.
   580 | D        | Found a bloodstained altar of Trog.
   581 | D        | Found a sparkling altar of Nemelex Xobeh.
   581 | D        | Found a hide-covered altar of Uskayaw.
   582 | D        | Found a basalt altar of Yredelemnul.
   583 | D        | Found an iron altar of Okawaru.
   583 | D        | Found a radiant altar of Vehumet.
   583 | D        | Found a glowing silver altar of Zin.
   583 | D        | Found a hazy altar of Hepliaklqana.
   583 | D        | Found a sacrificial altar of Ru.
   583 | D        | Found a shimmering altar of Xom.
   583 | D        | Noticed a polar bear
   584 | D        | Found a stormy altar of Qazlal.
   584 | D        | Found an ornate altar of the Wu Jian Council.
   584 | D        | Found a glowing golden altar of the Shining One.
   584 | D        | Noticed a yaktaur
   588 | D        | Became a worshipper of Dithmenos the Shadowed
   595 | D        | Noticed a polar bear
   595 | D        | Noticed a polar bear
   596 | D        | Killed a polar bear
   597 | D        | Reached skill level 1 in Earth Magic
   597 | D        | Killed a polar bear
   603 | D        | Reached * piety under Dithmenos
   610 | D        | Killed a yaktaur
   613 | D        | Killed a polar bear
   632 | D        | Noticed a deep elf master archer
   638 | D        | Killed a deep elf master archer
   638 | D        | Reached ** piety under Dithmenos
   639 | D        | Reached skill level 5 in Conjurations
   639 | D        | Reached skill level 5 in Earth Magic
   639 | D        | Reached XP level 10. HP: 54/55 MP: 12/26
   648 | D        | Noticed a death yak
   651 | D        | Killed a death yak
   664 | D        | Reached *** piety under Dithmenos
   680 | D        | Noticed a cane toad
   680 | D        | Noticed a cane toad
   682 | D        | Killed a cane toad
   684 | D        | Killed a cane toad
   706 | D        | Learned a level 5 spell: Lee's Rapid Deconstruction
   768 | D        | Bought a +6 ring of dexterity for 468 gold pieces
   797 | D        | Noticed Roxanne
   818 | D        | Noticed a death drake
   819 | D        | Noticed a death drake
   819 | D        | Noticed a crystal guardian
   820 | D        | Reached **** piety under Dithmenos
   822 | D        | Killed a crystal guardian
   823 | D        | Reached skill level 10 in Short Blades
   824 | D        | Killed a death drake
   825 | D        | Killed a death drake
   844 | D        | Noticed an iron elemental
   856 | D        | Reached ***** piety under Dithmenos
   857 | D        | Reached XP level 11. HP: 49/58 MP: 23/28
   886 | D        | Reached ****** piety under Dithmenos
  1163 | D        | Killed an iron elemental
  1351 | D        | Noticed an electric golem
  1351 | D        | Noticed an iron golem
  2769 | D        | Killed an iron golem
  2910 | D        | Killed from afar by an electric golem

Illustrated notes

Levels and vault maps discovered:
D:        the_violet_keep_of_menkaure [sprint2_stairs_cluster_1,
          sprint2_shoproom, sprint2_temple, sprint2_basic_supplies,
          sprint2_obstacle_4, sprint2_obstacle_1, sprint2_obstacle_6,
          sprint2_obstacle_7, sprint2_obstacle_3, sprint2_timed_cluster_1,
          sprint2_smallroom_cluster_1, sprint2_smallroom_final_cluster_1,
          sprint2_transparent_cluster_1, sprint2_second_timed_cluster_1,
          sprint2_sniper_area_1, sprint2_heavy_combat_area_1,
          sprint2_mutation_trap_area_1, sprint2_forest_area_1,
          sprint2_light_combat_area_1, sprint2_behind_water_1,
          sprint2_near_end_vault_1]

Skill      XL: |  1  2  3  4  5  6  7  8  9 10 11 |
---------------+----------------------------------+-----
Stealth        | 9 10 11 13 14 16 | 16.0
Spellcasting   | 5 6 7 9 10 11 12 13 | 13.6
Hexes          | 5 6 7 8 9 10 11 12 13 | 13.6
Fighting       | 1 2 3 5 6 7 |  7.0
Short Blades   | 2 3 4 5 7 9 10 | 10.0
Dodging        | 3 4 6 9 10 11 13 | 13.9
Conjurations   | 2 5 7 8 |  8.9
Earth Magic    | 5 8 9 |  9.6

Action                   |  1- 3 |  4- 6 |  7- 9 | 10-12 || total
-------------------------+-------+-------+-------+-------++-------
Melee: Dagger            |     6 |     4 |    14 |    38 ||    62
       Punch             |       |       |     1 |       ||     1
 Cast: Ensorcelled Hiber |       |     2 |    13 |    12 ||    27
       Confusing Touch   |       |       |     1 |     5 ||     6
       Lee's Rapid Decon |       |       |       |    26 ||    26
  Use: Potion            |     3 |       |     1 |     3 ||     7
       Scroll            |       |       |       |     1 ||     1
 Stab: Invisible         |     1 |     2 |     2 |       ||     5
       Sleeping          |     1 |     2 |    11 |    19 ||    33
       Confused          |       |       |       |     2 ||     2
Armor: Robe              |       |       |     1 |     3 ||     4
Dodge: Dodged            |     3 |     3 |    12 |    50 ||    68
